 Dungeon Sprint DCSS version 0.26-a0-683-g5206c1d7ac (webtiles) character file.

Game seed: 17083862072322971585

6624 jfcaron the Impaler (level 10, -14/105 HPs)
             Began as a Minotaur Fighter on Oct 23, 2020.
             Was an Elder of Makhleb.
             Killed from afar by a balrug (33 damage)
             ... with a bolt of fire
             ... summoned by the player character
             ... in the Dungeon (Sprint IX: "|||||||||||||||||||||||||||||").
             The game lasted 00:09:05 (1759 turns).

jfcaron the Impaler (Minotaur Fighter)              Turns: 1759, Time: 00:09:06

Health: -14/105    AC: 27    Str: 24    XL:     10   Next: 72%
Magic:  18/18      EV: 12    Int:  5    God:    Makhleb [****..]
Gold:   0          SH:  0    Dex: 10    Spells: 9/9 levels left

rFire    . . .     SeeInvis .   a - +2 halberd (protect)
rCold    . . .     Faith    .   (shield currently unavailable)
rNeg     . . .     Spirit   .   r - +0 plate armour
rPois    .         Reflect  .   (helmet restricted)
rElec    .         Harm     .   p - +0 cloak
rCorr    .         Rampage  .   q - +0 pair of gloves
MR       .....     NoTele   +   (no boots)
Stlth    ..........             (no amulet)
HPRegen  0.27/turn              s - +2 ring of evasion
MPRegen  0.16/turn              t - +2 ring of evasion

@: protection aura
A: retaliatory headbutt, horns 2
a: Minor Destruction, Lesser Servant of Makhleb, Major Destruction, Renounce
Religion


You were in the Dungeon.
You worshipped Makhleb.
Makhleb was greatly pleased with you.
You visited 1 branch

Inventory:

Hand Weapons
 a - a +2 halberd of protection (weapon)
 b - a +0 shortbow
 c - a +3 vampiric dagger
 o - a +0 trident
Missiles
 d - 39 arrows
 y - 30 stones (quivered)
Armour
 p - a +0 cloak (worn)
 q - a +0 pair of gloves (worn)
 r - a +0 plate armour (worn)
 u - a +2 kite shield of poison resistance
Jewellery
 s - a +2 ring of evasion (left hand)
 t - a +2 ring of evasion (right hand)
Wands
 n - a wand of iceblast (10)
Scrolls
 j - 2 scrolls of blinking
 l - 3 scrolls of remove curse
 m - 2 scrolls of amnesia
 A - 2 scrolls of identify
 B - 2 scrolls of fear
Potions
 e - 5 potions of curing
 f - 3 potions of heal wounds
 g - 2 potions of haste
 h - 4 potions of magic
 i - a potion of berserk rage
 k - a potion of invisibility
 v - a potion of might
 w - a potion of mutation
 x - a potion of brilliance
 z - a potion of stabbing


   Skills:
 - Level 15.0 Fighting
 - Level 16.0 Polearms
 - Level 15.0 Armour
 + Level 0.0 Dodging
 - Level 5.2 Shields
 + Level 12.1 Invocations


You had 9 spell levels left.
You didn't know any spells.
Your spell library was empty.

Dungeon Overview and Level Annotations

Branches:
Dungeon (1/1)

Altars:
Cheibriados
Dithmenos
Elyvilon
Fedhas
Gozag
Hepliaklqana
Kikubaaqudgha
Makhleb
Nemelex Xobeh
Okawaru
Qazlal
Ru
Sif Muna
Trog
Uskayaw
Vehumet
Wu Jian
Xom
Yredelemnul
Zin
The Shining One
Beogh
Jiyva
Lugonu


Innate Abilities, Weirdness & Mutations

You reflexively headbutt those who attack you in melee.
You have a pair of horns on your head.


Message History

The balrug hits you with a +1 vampiric demon whip!
You are engulfed in flames!!
* * * LOW HITPOINT WARNING * * *
The catoblepas gores you!!
* * * LOW HITPOINT WARNING * * *
You turn to flesh and can move again.
Unknown command.
You slash the balrug!
Your weapon exudes an aura of protection.
You headbutt the balrug.
The balrug is lightly wounded.
The balrug hits you but does no damage.
The catoblepas gores you but does no damage.
Okay, then.
Press: ? - help, Dir - move target cursor, p - catoblepas
As you read the scroll of blinking, it crumbles to dust.
Unknown command.
The balrug gestures at you. The bolt of fire hits you!!
You die...

▓▓▓▓▓▓▓
▓<▓...▓
▓.▓.▓@▓
▓.▓.▓.▓
▓.▓.▓.▓
▓)▓.▓.▓
▓.▓.▓.▓
▓.▓.▓.▓
▓.▓.▓2▓
▓.▓.▓÷▓
▓.▓.▓Y▓


You could see a balrug (summoned).

Vanquished Creatures
  2 hydras (D)
  2 centaur warriors (D)
  A death yak (D)
  A tengu warrior (D)
  An elephant (D)
  A black mamba (D)
  3 cane toads (D)
  A rime drake (D)
  2 komodo dragons (D)
  A blink frog (D)
  2 basilisks (D)
  A water moccasin (D)
  A sky beast (D)
  2 bullfrogs (D)
  A scorpion (D)
  An orc wizard (D)
  A hound (D)
  2 adders (D)
  An ufetubus (D)
  2 adder skeletons (D)
  A leopard gecko (D)
  2 bat skeletons (D)
  A giant cockroach (D)
  A hobgoblin (D)
  A kobold (D)
  A leopard gecko zombie (D)
  A quokka skeleton (D)
  2 rats (D)
39 creatures vanquished.

Notes
Turn   | Place    | Note
-------+----------+-------------------------------------------
     0 | D        | jfcaron the Minotaur Fighter began the quest for the Orb.
     0 | D        | Reached XP level 1. HP: 19/19 MP: 0/0
     7 | D        | Reached skill level 3 in Polearms
    40 | D        | Reached XP level 2. HP: 27/28 MP: 1/1
    49 | D        | Reached skill level 4 in Polearms
    52 | D        | Reached skill level 5 in Fighting
    52 | D        | Reached skill level 5 in Armour
    52 | D        | Reached skill level 5 in Shields
    52 | D        | Reached XP level 3. HP: 31/36 MP: 2/2
    90 | D        | Found a roughly hewn altar of Beogh.
    90 | D        | Found a snail-covered altar of Cheibriados.
    90 | D        | Found a shadowy altar of Dithmenos.
    90 | D        | Found a white marble altar of Elyvilon.
    90 | D        | Found a blossoming altar of Fedhas.
    90 | D        | Found an opulent altar of Gozag.
    91 | D        | Found a hazy altar of Hepliaklqana.
    92 | D        | Found a viscous altar of Jiyva.
    93 | D        | Found an ancient bone altar of Kikubaaqudgha.
    94 | D        | Found a corrupted altar of Lugonu.
    95 | D        | Found a burning altar of Makhleb.
    96 | D        | Found a sparkling altar of Nemelex Xobeh.
    97 | D        | Found an iron altar of Okawaru.
    98 | D        | Found a stormy altar of Qazlal.
    99 | D        | Found a sacrificial altar of Ru.
   100 | D        | Found a shimmering blue altar of Sif Muna.
   101 | D        | Found a bloodstained altar of Trog.
   102 | D        | Found a hide-covered altar of Uskayaw.
   103 | D        | Found a radiant altar of Vehumet.
   104 | D        | Found an ornate altar of the Wu Jian Council.
   105 | D        | Found a shimmering altar of Xom.
   106 | D        | Found a basalt altar of Yredelemnul.
   107 | D        | Found a glowing silver altar of Zin.
   108 | D        | Found a glowing golden altar of the Shining One.
   119 | D        | Became a worshipper of Makhleb the Destroyer
   194 | D        | Noticed a sky beast
   204 | D        | Killed a sky beast
   204 | D        | Reached * piety under Makhleb
   204 | D        | Reached skill level 7 in Polearms
   204 | D        | Reached XP level 4. HP: 27/45 MP: 3/3
   207 | D        | Reached skill level 8 in Polearms
   207 | D        | Reached XP level 5. HP: 31/52 MP: 4/4
   215 | D        | Reached ** piety under Makhleb
   334 | D        | Noticed a tengu warrior
   334 | D        | Noticed a centaur warrior
   334 | D        | Noticed a centaur warrior
   337 | D        | Reached skill level 9 in Polearms
   337 | D        | Reached skill level 1 in Invocations
   349 | D        | Killed a tengu warrior
   349 | D        | Reached skill level 10 in Fighting
   349 | D        | Reached skill level 12 in Polearms
   349 | D        | Reached skill level 10 in Armour
   349 | D        | Reached skill level 5 in Invocations
   349 | D        | Reached XP level 6. HP: 34/66 MP: 5/9
   349 | D        | Reached XP level 7. HP: 37/72 MP: 5/10
   355 | D        | Killed a centaur warrior
   355 | D        | Reached *** piety under Makhleb
   355 | D        | Reached skill level 14 in Polearms
   355 | D        | Reached XP level 8. HP: 62/82 MP: 5/12
   362 | D        | Killed a centaur warrior
   362 | D        | Reached skill level 15 in Polearms
   362 | D        | Reached XP level 9. HP: 59/90 MP: 6/14
   610 | D        | Noticed a seven-headed hydra
   610 | D        | Noticed a cane toad
   610 | D        | Noticed a komodo dragon
   610 | D        | Noticed a komodo dragon
   620 | D        | Killed a seven-headed hydra
   621 | D        | Noticed a rime drake
   627 | D        | Killed a cane toad
   627 | D        | Reached skill level 16 in Polearms
   631 | D        | Reached **** piety under Makhleb
   640 | D        | Killed a komodo dragon
   640 | D        | Noticed a cane toad
   643 | D        | Killed a komodo dragon
   647 | D        | Killed a rime drake
   648 | D        | Reached ***** piety under Makhleb
   648 | D        | Reached skill level 10 in Invocations
   648 | D        | Reached XP level 10. HP: 52/101 MP: 14/16
   652 | D        | Killed a cane toad
   967 | D        | Noticed a black mamba
   967 | D        | Noticed a six-headed hydra
   967 | D        | Noticed an elephant
   967 | D        | Noticed a cane toad
   970 | D        | Noticed a death yak
   978 | D        | Killed a six-headed hydra
   978 | D        | Noticed a catoblepas
   990 | D        | Killed a black mamba
  1332 | D        | Killed an elephant
  1337 | D        | Killed a cane toad
  1704 | D        | Killed a death yak
  1704 | D        | Reached skill level 15 in Fighting
  1704 | D        | Reached skill level 15 in Armour
  1746 | D        | Noticed a balrug
  1756 | D        | HP: 18/105 [catoblepas (9)]
  1759 | D        | Killed from afar by a balrug

Illustrated notes

Levels and vault maps discovered:
D:        linesprint [early_d, line_temple, items_1, d_10, items_2, lair_1,
          lair_end, items_3, orc_1, orc_end, items_4, d_15, swamp_1, shoals_1,
          snake_1, spider_1, d_20, vaults_1, items_5, swamp_end, shoals_end,
          snake_end, spider_end, vaults_end, d_27, items_6, zot_1, zot_end,
          crypt_end, forest_end, elf_end, slime_end, tomb_end, abyss_end,
          pan_hell_end]

Skill      XL: |  1  2  3  4  5  6  7  8  9 10 |
---------------+-------------------------------+-----
Fighting       | 4 5 6 7 10 11 13 15 | 15.0
Polearms       | 3 4 7 8 12 14 15 16 | 16.0
Armour         | 4 5 6 7 10 11 13 15 | 15.0
Shields        | 4 5 |  5.2
Invocations    | 5 7 8 10 12 | 12.1

Action                   |  1- 3 |  4- 6 |  7- 9 | 10-12 || total
-------------------------+-------+-------+-------+-------++-------
Melee: Trident           |    26 |       |     6 |     5 ||    37
       Headbutt          |     8 |       |     9 |    13 ||    30
       Halberd           |    10 |    22 |    29 |    43 ||   104
Throw: Stone             |       |       |       |    12 ||    12
Invok: Minor Destruction |       |     3 |     9 |     1 ||    13
       Lesser Servant of |       |       |     2 |     2 ||     4
       Major Destruction |       |       |       |     2 ||     2
       Greater Servant o |       |       |       |     2 ||     2
  Use: Potion            |       |     1 |       |       ||     1
       Scroll            |       |       |       |     1 ||     1
Armor: Scale mail        |    10 |       |       |       ||    10
       Plate armour      |     7 |    21 |    21 |    25 ||    74
Dodge: Dodged            |    12 |    12 |    11 |    13 ||    48
Block: Kite shield       |    16 |       |       |       ||    16

Table legend: (Time is in decaauts)
 A = Elapsed time spent in this place.
 B = Non-inter-level travel time spent in this place.
 C = Inter-level travel time spent in this place.
 D = Time resting spent in this place.
 E = Time spent auto-exploring this place.
 F = Levels seen in this place.
 G = Mean time per level.
                   A        B        C        D        E       F      G
               +--------+--------+--------+--------+--------+-----+--------+
         Total |   1741 |   1741 |      0 |   1168 |      0 |   1 | 1741.0 |
       Dungeon |   1741 |   1741 |      0 |   1168 |      0 |   1 | 1741.0 |
               +--------+--------+--------+--------+--------+-----+--------+

Top non-repeatable levels by time:
       D: 1741 daAuts
